 Dungeon Sprint DCSS version 0.26-a0-710-g95a0c6c400 (webtiles) character file.

Game seed: 16685694123093028402

74064 olmar the Evocator (level 15, -4/159 (160) HPs)
             Began as a Deep Dwarf Fighter on Oct 30, 2020.
             Was an Initiate of Gozag.
             Killed from afar by Gloorx Vloq (8 damage)
             ... with a poison arrow
             ... in the Dungeon (Sprint II: "The Violet Keep of Menkaure").
             The game lasted 00:28:54 (3129 turns).

olmar the Evocator (Deep Dwarf Fighter)             Turns: 3129, Time: 00:28:55

HP:   -4/159 (160)  AC: 25    Str: 37    XL:     15   Next: 5%
MP:   0/0 (1)       EV: 10    Int: 11    God:    Gozag
Gold: 11070         SH:  0    Dex: 22    Spells: 14/14 levels left

rFire    + + +     SeeInvis .   g - +9 war axe "Joptanov" {antimagic, Str+9}
rCold    + + .     Faith    .   X - +10 tower shield of Ignorance {rN+ Int-4}
rNeg     + + +     Spirit   .   G - +4 scale mail {rPois}
rPois    +         Reflect  .   f - -1 helmet of Xuqiasch {Dex+3}
rElec    +         Harm     .   o - +2 cloak {MR+}
rCorr    +         Rampage  .   D - +1 pair of gloves of Vehumet's Generosity {rF+ rN++}
MR       +++..     NoTele   +   M - +1 pair of boots {Fly}
Stlth    ..........             q - amulet of the acrobat
HPRegen  0.00/turn              S - ring "Duoff" {Wiz rElec rF+ Str+2}
MPRegen  0.07/turn              I - ring "Vablofys" {rC+ Int+6 Dex+7}

@: confused, mighty, lethally poisoned (-4 -> -4), resistant, gold aura, stab,
flying, non-regenerating, diseased, hasted and slowed, studying Armour
A: damage resistance, heal wounds, talons 1, blink, negative energy resistance
1, sense surroundings 2, no regeneration
a: Heal Wounds, Blink, Potion Petition, Call Merchant, Bribe Branch, Renounce
Religion, Stop Flying


You were in the Dungeon.
You worshipped Gozag.
Gozag was extremely pleased with you.
You visited 1 branch You collected 25693 gold pieces.
You spent 6472 gold pieces at shops.
You paid 8151 gold pieces to Gozag.

Inventory:

Hand Weapons
 a - a +1 war axe
 g - the +9 war axe "Joptanov" (weapon) {antimagic, Str+9}
   (You bought it in a shop in the Dungeon)

   It reduces the magical energy of the wielder, and disrupts the spells and
   magical abilities of those hit.
   Natural abilities and divine invocations are not affected.
   It affects your strength (+9).
Armour
 b - a +0 scale mail
 c - a +0 kite shield
 f - the -1 helmet of Xuqiasch (worn) {Dex+3}
   (You bought it in a shop in the Dungeon)

   It affects your dexterity (+3).
 o - a +2 cloak of magic resistance (worn)
 s - a +0 helmet
 t - a +2 cloak
 D - the +1 pair of gloves of Vehumet's Generosity (worn) {rF+ rN++}
   (You bought it in a shop in the Dungeon)

   It protects you from fire.
   It greatly protects you from negative energy.
 G - a +4 scale mail of poison resistance (worn)
 J - the +0 pair of gloves of Pride {Regen+ rCorr Dex-5 SInv}
   (You found it in the Dungeon)

   It affects your dexterity (-5).
   It lets you see invisible.
   It increases your rate of regeneration.
   It provides partial protection from all sources of acid and corrosion.
 L - the -2 pair of gloves "Xoiplo" {Slay+4}
   (You found it in the Dungeon)

   It affects your accuracy and damage with ranged weapons and melee attacks
   (+4).
 M - a +1 pair of boots of flying (worn)
 N - a +0 hat of intelligence
 R - a +0 cloak of preservation
 T - a +1 buckler of resistance
 W - the cursed +0 pair of gloves of the Vaults {Rampage rC- MR+}
   (You found it in the Dungeon)

   It makes you vulnerable to cold.
   It affects your resistance to hostile enchantments.
   It bestows one free step when moving towards enemies.
   It has a curse placed upon it.
 X - the +10 tower shield of Ignorance (worn) {rN+ Int-4}
   (You bought it in a shop in the Dungeon)

   It affects your intelligence (-4).
   It protects you from negative energy.
Jewellery
 m - an uncursed amulet of guardian spirit
 q - an amulet of the acrobat (around neck)
 x - the ring of Feapum {rC++ Dex-4}
   (You bought it in a shop in the Dungeon)

   [ring of dexterity]

   It affects your dexterity (-4).
   It greatly protects you from cold.
 y - a +4 ring of protection
 z - a +4 ring of protection
 I - the ring "Vablofys" (right hand) {rC+ Int+6 Dex+7}
   (You bought it in a shop in the Dungeon)

   [ring of protection from cold]

   It affects your intelligence (+6).
   It affects your dexterity (+7).
   It protects you from cold.
 Q - an uncursed ring of wizardry {unknown}
 S - the ring "Duoff" (left hand) {Wiz rElec rF+ Str+2}
   (You acquired it in the Dungeon)

   [ring of wizardry]

   It improves your spell success rate.
   It affects your strength (+2).
   It protects you from fire.
   It insulates you from electricity.
 U - the ring of Opiceism {+Inv rF+ MR+}
   (You took it off an orc priest in the Dungeon)

   [ring of protection from fire]

   It protects you from fire.
   It affects your resistance to hostile enchantments.
   It lets you turn invisible.
 V - the ring "Xiug" {MR+ Str+3 Int+4 Dex-5 Stlth+}
   (You took it off an orc priest in the Dungeon)

   [ring of stealth]

   It affects your strength (+3).
   It affects your intelligence (+4).
   It affects your dexterity (-5).
   It affects your resistance to hostile enchantments.
   It makes you more stealthy.
Wands
 i - a wand of flame (9)
 k - a wand of digging (1)
 w - a wand of paralysis (9)
Scrolls
 j - a scroll of blinking
 p - 2 scrolls of fear
 r - 4 scrolls of remove curse
 v - a scroll of magic mapping
 A - 2 scrolls of identify
 Z - a scroll of brand weapon
Potions
 e - 2 potions of berserk rage
 h - 41 potions of magic
 l - 5 potions of haste
 u - 15 potions of flight
 Y - 26 potions of mutation
Books
 P - a manual of Armour
Miscellaneous
 n - a condenser vane (inert)
 B - a phantom mirror
 F - a lightning rod (3/4)
 H - a box of beasts (inert)
 K - a phial of floods


   Skills:
 + Level 17.3 Fighting
 + Level 22.5 Axes
 + Level 18.0 Armour
 + Level 21.8 Shields
 + Level 23.4 Evocations


You had 14 spell levels left.
You didn't know any spells.
Your spell library contained the following spells:

 Spells                   Type           Power        Failure   Level
 Beastly Appendage        Tmut           #.....       30%         1
 Sandblast                Erth           #.....       30%         1
 Shock                    Conj/Air       #...         30%         1
 Corpse Rot               Necr/Air       N/A          41%         2
 Searing Ray              Conj           #.....       41%         2
 Sublimation of Blood     Necr           #.........   41%         2
 Swiftness                Air            #.......     41%         2
 Wereblood                Tmut           #.......     41%         2
 Dazzling Flash           Conj/Hex       #.....       65%         3
 Gell's Gravitas          Tloc           #.........   65%         3
 Ignite Poison            Fire/Tmut/Pois #.......     65%         3
 Mephitic Cloud           Conj/Pois/Air  #.......     65%         3
 Portal Projectile        Hex/Tloc       #.....       65%         3
 Spider Form              Tmut/Pois      #.........   65%         3
 Static Discharge         Conj/Air       #.......     65%         3
 Airstrike                Air            #.........   95%         4
 Dispel Undead            Necr           #.......     95%         4
 Ice Form                 Ice/Tmut       #.......     95%         4
 Agony                    Necr           #.......     100%        5
 Blade Hands              Tmut           #.........   100%        5
 Bolt of Magma            Conj/Fire/Erth #.........   100%        5
 Excruciating Wounds      Necr           #.........   100%        5
 Fireball                 Conj/Fire      #.........   100%        5
 Lightning Bolt           Conj/Air       #.........   100%        5
 Dispersal                Tloc           #.........   100%        6
 Freezing Cloud           Conj/Ice/Air   #.........   100%        6
 Starburst                Conj/Fire      #.........   100%        6
 Disjunction              Tloc           #.........   100%        8
 Ignition                 Fire           #.........   100%        8


Dungeon Overview and Level Annotations

Branches:
Dungeon (1/1)

Altars:
Cheibriados
Dithmenos
Elyvilon
Fedhas
Gozag
Hepliaklqana
Kikubaaqudgha
Makhleb
Nemelex Xobeh
Okawaru
Qazlal
Ru
Sif Muna
Trog
Uskayaw
Vehumet
Wu Jian
Xom
Yredelemnul
Zin
The Shining One
Beogh
Jiyva
Lugonu

Shops:
D :*}(:}*(!(*(!=[(*(?[:[=:(?}!:[?*:}:([[=[}[[

Annotations:
D exclusion: orange crystal statue, Gloorx Vloq


Innate Abilities, Weirdness & Mutations

You are resistant to damage.
You can heal yourself by infusing magical energy.
You resist negative energy. (rN+)
You passively map the area around you.
You do not regenerate.
You have sharp toenails.
You can translocate small distances at will.


Message History

Unknown command.
Evoke which item? (* to show all) (? for menu, Esc to quit)
Okay, then.
Okay, then.
You bump into the unnaturally hard rock wall.
The wandering mushroom is no longer distracted by gold.
The Executioner is engulfed in acidic fog.
The Executioner is splashed with acid.
The Executioner gives a hideous shriek!
Gloorx Vloq hits you!!
* * * LOW HITPOINT WARNING * * *
The Executioner is engulfed in acidic fog.
The Executioner is splashed with acid.
The Executioner seems to be corroded for longer.
Gloorx Vloq gestures at you. The poison arrow hits you!
You are poisoned.
You partially resist.
You die...
Your body crumbles into a pile of gold.

#### .|)#
▓▓▓▓▓▓▓▓▓▓▓▓▓▓▓▓▓▓▓▓▓▓▓▓▓▓▓▓
[..##▓....MW1z1&ff♣♣.....♣♣.....♣
.....▓...$.▓...▓@♣♣..♣...♣♣...♣.♣
....∩▓....,▓f▓▓▓f♣♣..♣♣..♣♣..♣♣..
...#'▓▓▓.,,▓...▓f♣♣..♣♣^.♣...♣♣..
...#..▓▓▓+▓▓▓▓∩▓§♣...♣♣......♣♣..
''##...+...▓0..▓$....▓▓▓▓▓▓▓▓▓▓''
..^###.#..°▓▓▓▓▓▓▓▓▓▓▓▓▓▓▓▓▓....∩
.....#.#°..▓§§≈≈§≈≈§▓▓▓....▓.''''
#.(.^#.##○)▓▓▓▓▓▓▓▓▓▓▓▓'▓▓^▓.§≈..
'..(^#..#°=▓...)..[.▓▓...▓.▓.'§..


You could see Gloorx Vloq, a greater mummy, a curse toe (corroded), 2
Executioners, 2 deathcaps, 2 wandering mushrooms and a shadow (summoned).

Vanquished Creatures
  2 golden dragons (D)
  A bone dragon (D)
  An electric golem (D)
  A hellephant (D)
  A deep elf blademaster (D)
  Murray (D)
  A deep elf master archer (D)
  Gastronok (D)
  A kraken (D)
  2 sphinxes (D)
  Kirke (D)
  A storm dragon (D)
  Roxanne (D)
  A draconian knight (D)
  A frost giant (D)
  A draconian shifter (D)
  Nessos (D)
  A lorocyproca (D)
  A dire elephant (D)
  An ice dragon (D)
  A yaktaur captain (D)
  A great orb of eyes (D)
  2 boulder beetles (D)
  A centaur warrior (D)
  A death yak (D)
  Sonja (D)
  3 sixfirhies (D)
  A skeletal warrior (D)
  A death drake (D)
  2 unseen horrors (D)
  A glowing orange brain (D)
  2 deep trolls (D)
  A harpy (D)
  3 manticores (D)
  3 orc sorcerers (D)
  13 shining eyes (D)
  2 toenail golems (D)
  An oklob plant (D)
  An elephant (D)
  A merfolk siren (D)
  An eye of devastation (D)
  An ice statue (D)
  2 cane toads (D)
  A kobold demonologist (D)
  A yaktaur (D)
  A hornet (D)
  4 polar bears (D)
  A slime creature (D)
  2 redbacks (D)
  2 yaks (D)
  17 flying skulls (D)
  3 wyverns (D)
  A golden eye (D)
  Menkaure (D)
  10 floating eyes (D)
  3 soldier ants (D)
  3 water moccasins (D)
  2 swamp drakes (D)
  2 black bears (D)
  A necrophage (D)
  An earth elemental (D)
  A scorpion (D)
  4 lava snakes (D)
  A jelly (D)
  4 orc priests (D)
  An iron imp (D)
  4 worker ants (D)
  A spectral adder (D)
  A spectral bat (D)
  A ballistomycete spore (D)
  3 tentacles (D)
145 creatures vanquished.

Vanquished Creatures (collateral kills)
  the Lernaean hydra (D)
  3 quicksilver dragons (D)
  A storm dragon (D)
  A vampire knight (D)
  2 lorocyprocas (D)
  A crystal guardian (D)
  An iron elemental (D)
  2 hell hogs (D)
  An iron golem (D)
  A death drake (D)
  2 shining eyes (D)
  A slime creature (D)
  A toenail golem (D)
  A polar bear (D)
  A yak (D)
  A wyvern (D)
  A black bear (D)
  An earth elemental (D)
23 creatures vanquished.

Vanquished Creatures (others)
  A cacodemon (D)
  A deep elf high priest (D)
  A flying skull (D)
  A water moccasin (D)
  A ballistomycete spore (D)
  A tentacle (D)
6 creatures vanquished.

Grand Total: 174 creatures vanquished

Notes
Turn   | Place    | Note
-------+----------+-------------------------------------------
     0 | D        | olmar the Deep Dwarf Fighter began the quest for the Orb.
     0 | D        | Reached XP level 1. HP: 20/20 MP: 1/1
     1 | D        | Noticed a worker ant
     1 | D        | Noticed a worker ant
     1 | D        | Noticed a worker ant
     1 | D        | Noticed a worker ant
     6 | D        | Killed a worker ant
     6 | D        | Reached XP level 2. HP: 30/30 MP: 2/2
     9 | D        | Reached skill level 5 in Armour
     9 | D        | Reached skill level 5 in Shields
     9 | D        | Reached XP level 3. HP: 37/37 MP: 3/3
    11 | D        | Reached XP level 4. HP: 45/45 MP: 4/4
    14 | D        | Reached skill level 5 in Fighting
    19 | D        | Killed a water moccasin
    20 | D        | Found Xutu's Antique Armour Shop.
    20 | D        | Found Panumoid's Book Boutique.
    20 | D        | Found Linkodang's Magic Scroll Shop.
    20 | D        | Found Reur's Gadget Shop.
    20 | D        | Found Taenises's Jewellery Boutique.
    20 | D        | Found Zideff's Antique Armour Shop.
    21 | D        | Found Juaj's Antique Weapon Shop.
    22 | D        | Found Woug's Distillery.
    22 | D        | Found Haunga's Armour Shop.
    22 | D        | Found Nairih's Jewellery Boutique.
    25 | D        | Noticed a flying skull
    25 | D        | Noticed a flying skull
    25 | D        | Noticed a flying skull
    25 | D        | Noticed a flying skull
    26 | D        | Noticed a flying skull
    26 | D        | Noticed a flying skull
    27 | D        | Noticed a flying skull
    27 | D        | Noticed a flying skull
    27 | D        | Noticed a flying skull
    28 | D        | Noticed a flying skull
    28 | D        | Noticed a flying skull
    29 | D        | Noticed a flying skull
    38 | D        | Found an iron altar of Okawaru.
    38 | D        | Found a radiant altar of Vehumet.
    38 | D        | Found a glowing silver altar of Zin.
    39 | D        | Found a sparkling altar of Nemelex Xobeh.
    39 | D        | Found a hide-covered altar of Uskayaw.
    40 | D        | Found an opulent altar of Gozag.
    40 | D        | Found a burning altar of Makhleb.
    40 | D        | Found a bloodstained altar of Trog.
    41 | D        | Found a blossoming altar of Fedhas.
    41 | D        | Found a corrupted altar of Lugonu.
    41 | D        | Found a basalt altar of Yredelemnul.
    41 | D        | Found a shimmering blue altar of Sif Muna.
    42 | D        | Found a white marble altar of Elyvilon.
    42 | D        | Found an ancient bone altar of Kikubaaqudgha.
    43 | D        | Found a shadowy altar of Dithmenos.
    43 | D        | Found a viscous altar of Jiyva.
    44 | D        | Found a snail-covered altar of Cheibriados.
    46 | D        | Found a roughly hewn altar of Beogh.
    46 | D        | Found a shimmering altar of Xom.
    46 | D        | Found a sacrificial altar of Ru.
    46 | D        | Found a hazy altar of Hepliaklqana.
    47 | D        | Found a glowing golden altar of the Shining One.
    47 | D        | Found an ornate altar of the Wu Jian Council.
    47 | D        | Found a stormy altar of Qazlal.
    49 | D        | Became a worshipper of Gozag Ym Sagoz the Greedy
    76 | D        | Found Turch's Antique Weapon Shop.
    76 | D        | Found Zaedimp's Distillery.
    76 | D        | Noticed Menkaure
    76 | D        | Noticed a yak
    76 | D        | Noticed a yak
    76 | D        | Noticed a yak
    76 | D        | Noticed an oklob plant
    76 | D        | Noticed a wyvern
    77 | D        | Found Jyffamit's Antique Weapon Shop.
    77 | D        | Found Cetusube's Gadget Boutique.
    77 | D        | Found Soir Veap's Book Shoppe.
    77 | D        | Noticed a wyvern
    80 | D        | Bought a wand of flame (17) for 104 gold pieces
    80 | D        | Bought a wand of random effects (14) for 88 gold pieces
    91 | D        | Killed Menkaure
    91 | D        | Reached skill level 5 in Axes
    91 | D        | Reached skill level 1 in Evocations
    91 | D        | Reached XP level 5. HP: 47/56 MP: 5/5
   121 | D        | Noticed a wyvern
   121 | D        | Noticed a wyvern
   133 | D        | Killed a wyvern
   133 | D        | Reached XP level 6. HP: 33/66 MP: 6/6
   138 | D        | Killed a wyvern
   138 | D        | Reached skill level 2 in Evocations
   155 | D        | Noticed a boulder beetle
   155 | D        | Noticed a boulder beetle
   177 | D        | Killed a boulder beetle
   177 | D        | Reached skill level 10 in Armour
   177 | D        | Reached skill level 4 in Evocations
   177 | D        | Reached XP level 7. HP: 61/75 MP: 7/7
   177 | D        | Reached XP level 8. HP: 69/84 MP: 8/8
   275 | D        | Noticed a merfolk siren
   286 | D        | Killed a merfolk siren
   286 | D        | Reached skill level 10 in Axes
   286 | D        | Reached skill level 5 in Evocations
   307 | D        | Bought a scroll of identify for 28 gold pieces
   315 | D        | Bought a transparent war axe for 246 gold pieces
   315 | D        | Identified the +9 war axe "Joptanov" {antimagic, Str+9}
                  | (You bought it in a shop in the Dungeon)
   321 | D        | Bought a potion of heal wounds for 55 gold pieces
   321 | D        | Bought a potion of heal wounds for 55 gold pieces
   321 | D        | Bought a potion of haste for 110 gold pieces
   321 | D        | Bought a potion of ambrosia for 88 gold pieces
   322 | D        | Bought a condenser vane (2/2) for 260 gold pieces
   326 | D        | Bought a glowing cloak for 142 gold pieces
   334 | D        | Bought a scroll of fear for 49 gold pieces
   346 | D        | Reached skill level 10 in Shields
   400 | D        | Noticed a polar bear
   400 | D        | Noticed a polar bear
   401 | D        | Noticed a hornet
   404 | D        | Killed a polar bear
   404 | D        | Reached skill level 6 in Evocations
   405 | D        | Killed a hornet
   405 | D        | Noticed a polar bear
   408 | D        | Killed a polar bear
   408 | D        | Gained mutation: You passively map the area around you.
                  | [Deep Dwarf growth]
   408 | D        | Reached XP level 9. HP: 74/92 MP: 3/9
   411 | D        | Killed a polar bear
   411 | D        | Reached skill level 7 in Evocations
   422 | D        | Noticed a yaktaur
   428 | D        | Killed a yaktaur
   471 | D        | Noticed a kraken
   478 | D        | Killed a kraken
   478 | D        | Reached skill level 10 in Fighting
   478 | D        | Reached skill level 9 in Evocations
   478 | D        | Reached XP level 10. HP: 64/102 MP: 3/10
   515 | D        | Killed a boulder beetle
   515 | D        | Reached skill level 10 in Evocations
   694 | D        | Noticed a deep troll
   694 | D        | Noticed a deep troll
   700 | D        | Killed a deep troll
   700 | D        | Killed a deep troll
   700 | D        | Reached skill level 15 in Axes
   744 | D        | Noticed a sphinx
   744 | D        | Noticed a sphinx
   749 | D        | Killed a sphinx
   749 | D        | Reached skill level 11 in Evocations
   751 | D        | Killed a sphinx
   751 | D        | Reached XP level 11. HP: 72/111 MP: 3/10
   840 | D        | Noticed a centaur warrior
   840 | D        | Noticed Kirke
   840 | D        | Noticed a skeletal warrior
   840 | D        | Noticed a yaktaur captain
   859 | D        | Killed Kirke
   859 | D        | Reached skill level 12 in Evocations
   863 | D        | Killed a yaktaur captain
   869 | D        | Killed a centaur warrior
   871 | D        | Killed a skeletal warrior
   877 | D        | Noticed a great orb of eyes
   885 | D        | Killed a great orb of eyes
   885 | D        | Reached skill level 13 in Evocations
   934 | D        | Noticed an ice dragon
   934 | D        | Noticed a death yak
   948 | D        | Killed an ice dragon
   948 | D        | Reached skill level 15 in Shields
   951 | D        | Killed a death yak
   951 | D        | Reached XP level 12. HP: 77/122 MP: 3/11
   982 | D        | Found Tafrisomp's Book Emporium.
   982 | D        | Found Puneeteh's General Store.
   982 | D        | Found Pouxuzuung's Assorted Antiques.
   982 | D        | Found Amoaghu's Weapon Shoppe.
   982 | D        | Found Gyeboisan's Distillery.
   983 | D        | Found Ygimmimm's Weapon Shoppe.
   983 | D        | Found Xuad's Antique Weapon Boutique.
   983 | D        | Found Edocan's Armour Emporium.
   983 | D        | Found Zoatt's Book Shop.
   983 | D        | Found Quigrack's General Store.
   983 | D        | Found Buhof's Book Shop.
   983 | D        | Found Gosoenko's Weapon Shoppe.
   987 | D        | Bought a potion of heal wounds for 55 gold pieces
   987 | D        | Bought a potion of curing for 33 gold pieces
   990 | D        | Bought a potion of heal wounds for 60 gold pieces
   990 | D        | Bought a potion of haste for 120 gold pieces
   992 | D        | Bought a scroll of remove curse for 30 gold pieces
   992 | D        | Bought a potion of stabbing for 40 gold pieces
   992 | D        | Bought a lightning rod (4/4) for 400 gold pieces
  1029 | D        | Bought a +3 scale mail of poison resistance for 253 gold
                  | pieces
  1049 | D        | Bought a box of beasts (3/3) for 260 gold pieces
  1051 | D        | Bought the ring "Vablofys" {rC+ Int+6 Dex+7} for 652 gold
                  | pieces
  1056 | D        | Gained mutation: Your spells are a little harder to cast,
                  | but a little more powerful. [potion of mutation]
  1056 | D        | Gained mutation: You are somewhat resistant to further
                  | mutation. [potion of mutation]
  1056 | D        | Gained mutation: You are partially covered in large bone
                  | plates. (SH +4) [potion of mutation]
  1153 | D        | Noticed Sonja
  1154 | D        | Noticed a white draconian shifter
  1154 | D        | Noticed a hellephant
  1161 | D        | Killed Sonja
  1165 | D        | Killed a white draconian shifter
  1165 | D        | Reached skill level 14 in Evocations
  1171 | D        | Killed a hellephant
  1182 | D        | Killed a cacodemon
  1220 | D        | Noticed a deep elf blademaster
  1223 | D        | Reached skill level 15 in Evocations
  1225 | D        | Killed a deep elf blademaster
  1339 | D        | Identified Roxanne's Incunabulum of Transmigration
  1339 | D        | Noticed Roxanne
  1370 | D        | Killed Roxanne
  1370 | D        | Reached skill level 15 in Armour
  1370 | D        | Reached skill level 16 in Evocations
  1410 | D        | Noticed a dire elephant
  1421 | D        | Killed a dire elephant
  1421 | D        | Reached XP level 13. HP: 110/134 MP: 3/10
  1458 | D        | Got a pair of crude gloves
  1466 | D        | Got a pair of faintly humming gloves
  1482 | D        | Identified the Handbook of the Lethal Rocks
  1486 | D        | Identified the +0 pair of gloves of Pride {Regen+ rCorr
                  | Dex-5 SInv} (You found it in the Dungeon)
  1487 | D        | Identified the cursed -2 pair of gloves "Xoiplo" {Slay+4}
                  | (You found it in the Dungeon)
  1500 | D        | Identified a scroll of acquirement
  1500 | D        | Acquired 1128 gold pieces
  1508 | D        | Bought the cursed ring of Feapum {rC++ Dex-4} for 294 gold
                  | pieces
  1516 | D        | Noticed Gastronok
  1525 | D        | Killed Gastronok
  1525 | D        | Reached skill level 17 in Evocations
  1633 | D        | Noticed a storm dragon
  1655 | D        | Killed a storm dragon
  1695 | D        | Noticed a crystal guardian
  1717 | D        | Reached skill level 18 in Evocations
  1718 | D        | Killed a crystal guardian
  1800 | D        | Noticed a frost giant
  1816 | D        | Killed a frost giant
  1835 | D        | Noticed a deep elf master archer
  1838 | D        | Killed a deep elf master archer
  1844 | D        | Reached skill level 15 in Fighting
  1844 | D        | Reached skill level 19 in Evocations
  1965 | D        | Acquired 935 gold pieces
  1966 | D        | Acquired the ring "Duoff" {Wiz rElec rF+ Str+2}
  1969 | D        | Acquired 624 gold pieces
  1970 | D        | Acquired a manual of Armour
  1973 | D        | Bought a +1 buckler of resistance for 474 gold pieces
  1983 | D        | Noticed an electric golem
  1992 | D        | Killed an electric golem
  2041 | D        | Reached skill level 20 in Evocations
  2158 | D        | Identified the ring of Opiceism {+Inv rF+ MR+}
  2161 | D        | Found Oqoifuw's Book Shoppe.
  2161 | D        | Identified the ring "Xiug" {MR+ Str+3 Int+4 Dex-5 Stlth+}
  2171 | D        | Got a pair of faintly humming gloves
  2172 | D        | Identified the cursed +0 pair of gloves of the Vaults
                  | {Rampage rC- MR+} (You found it in the Dungeon)
  2173 | D        | Found Keewnag's General Store.
  2185 | D        | Found Inora's General Store.
  2186 | D        | Found the +9 sword of Zonguldrok {reap}
  2202 | D        | Bought a scroll of brand weapon for 220 gold pieces
  2242 | D        | Bought an uncursed amulet of the acrobat for 360 gold
                  | pieces
  2242 | D        | Bought a potion of curing for 36 gold pieces
  2262 | D        | Found Qorefutank's Magic Scroll Emporium.
  2265 | D        | Found Huoff's Gadget Shop.
  2266 | D        | Noticed Nessos
  2269 | D        | Killed Nessos
  2269 | D        | Gained mutation: You resist negative energy. (rN+) [Deep
                  | Dwarf growth]
  2269 | D        | Reached XP level 14. HP: 139/147 MP: 1/5
  2301 | D        | Bought a wand of paralysis (9) for 110 gold pieces
  2338 | D        | Noticed the 27-headed Lernaean hydra
  2341 | D        | Killed the 27-headed Lernaean hydra
  2375 | D        | Noticed a purple draconian knight
  2390 | D        | Killed a purple draconian knight
  2425 | D        | Noticed a golden dragon
  2468 | D        | Reached skill level 21 in Evocations
  2509 | D        | Killed a golden dragon
  2583 | D        | Noticed a golden dragon
  2601 | D        | Killed a golden dragon
  2601 | D        | Reached skill level 22 in Evocations
  2616 | D        | Found Gyhaaroi's Weapon Boutique.
  2616 | D        | Found Ugubb's Book Shoppe.
  2616 | D        | Found Zeps's Gadget Shop.
  2616 | D        | Found Hoopsiaj's Magic Scroll Boutique.
  2616 | D        | Noticed a storm dragon
  2624 | D        | Killed a storm dragon
  2758 | D        | Noticed a bone dragon
  2775 | D        | Killed a bone dragon
  2830 | D        | Paralysed by a floating eye for 2 turns
  2830 | D        | Gained mutation: You occasionally shout uncontrollably at
                  | your foes. [a shining eye]
  2833 | D        | Paralysed by a floating eye for 4 turns
  2833 | D        | Gained mutation: You are dopey. (Int -2) [a shining eye]
  2837 | D        | Gained mutation: You are very dopey. (Int -4) [a shining
                  | eye]
  2841 | D        | Reached skill level 23 in Evocations
  2875 | D        | Lost mutation: You are partially covered in large bone
                  | plates. (SH +4) [potion of mutation]
  2875 | D        | Lost mutation: You are somewhat resistant to further
                  | mutation. [potion of mutation]
  2875 | D        | Lost mutation: You are very dopey. (Int -4) [potion of
                  | mutation]
  2875 | D        | Lost mutation: You occasionally shout uncontrollably at
                  | your foes. [potion of mutation]
  2875 | D        | Gained mutation: You tend to lose your temper in combat.
                  | [potion of mutation]
  2875 | D        | Gained mutation: You have a pair of small antennae on your
                  | head. [potion of mutation]
  2904 | D        | Lost mutation: You are dopey. (Int -2) [potion of mutation]
  2904 | D        | Lost mutation: You have a pair of small antennae on your
                  | head. [potion of mutation]
  2904 | D        | Lost mutation: You tend to lose your temper in combat.
                  | [potion of mutation]
  2904 | D        | Gained mutation: You are clumsy. (Dex -2) [potion of
                  | mutation]
  2905 | D        | Lost mutation: Your spells are a little harder to cast, but
                  | a little more powerful. [potion of mutation]
  2905 | D        | Lost mutation: You are clumsy. (Dex -2) [potion of
                  | mutation]
  2905 | D        | Gained mutation: Your mind is acute. (Int +2) [potion of
                  | mutation]
  2905 | D        | Gained mutation: Your mind is very acute. (Int +4) [potion
                  | of mutation]
  2905 | D        | Gained mutation: Armour fits poorly on your strangely
                  | shaped body. [potion of mutation]
  2905 | D        | Gained mutation: You are partially covered in thin metallic
                  | scales. (AC +2) [potion of mutation]
  2906 | D        | Lost mutation: Armour fits poorly on your strangely shaped
                  | body. [potion of mutation]
  2906 | D        | Lost mutation: You are partially covered in thin metallic
                  | scales. (AC +2) [potion of mutation]
  2906 | D        | Lost mutation: Your mind is very acute. (Int +4) [potion of
                  | mutation]
  2906 | D        | Lost mutation: Your mind is acute. (Int +2) [potion of
                  | mutation]
  2906 | D        | Gained mutation: You can translocate small distances at
                  | will. [potion of mutation]
  2906 | D        | Gained mutation: You are frail. (-10% HP) [potion of
                  | mutation]
  2906 | D        | Gained mutation: You have sharp toenails. [potion of
                  | mutation]
  2906 | D        | Lost mutation: You are frail. (-10% HP) [potion of
                  | mutation]
  2909 | D        | Bought a pair of ichor-stained gloves for 228 gold pieces
  2909 | D        | Bought the +10 tower shield of Ignorance {rN+ Int-4} for
                  | 1375 gold pieces
  2909 | D        | Found the +10 tower shield of Ignorance {rN+ Int-4}
  2919 | D        | Identified the +1 pair of gloves of Vehumet's Generosity
                  | {rF+ rN++} (You bought it in a shop in the Dungeon)
  2976 | D        | Noticed a quicksilver dragon
  2981 | D        | Noticed a quicksilver dragon
  2987 | D        | Killed a quicksilver dragon
  2989 | D        | Killed a quicksilver dragon
  3003 | D        | Noticed a quicksilver dragon
  3009 | D        | Killed a quicksilver dragon
  3066 | D        | Noticed Murray
  3082 | D        | Killed Murray
  3082 | D        | Reached XP level 15. HP: 131/160 MP: 0/2
  3083 | D        | Acquired 851 gold pieces
  3084 | D        | Acquired 809 gold pieces
  3085 | D        | Acquired 631 gold pieces
  3093 | D        | Bought a jewelled helmet for 247 gold pieces
  3093 | D        | Identified the -1 helmet of Xuqiasch {Dex+3} (You bought it
                  | in a shop in the Dungeon)
  3112 | D        | Noticed a greater mummy
  3112 | D        | Noticed a curse toe
  3112 | D        | Noticed Gloorx Vloq
  3117 | D        | Noticed an Executioner
  3121 | D        | Noticed an Executioner
  3121 | D        | Noticed an Executioner
  3129 | D        | HP: 4/159 [Gloorx Vloq (30)]
  3129 | D        | Killed from afar by Gloorx Vloq

Illustrated notes

Levels and vault maps discovered:
D:        the_violet_keep_of_menkaure [sprint2_stairs_cluster_1,
          sprint2_shoproom, sprint2_temple, sprint2_basic_supplies,
          sprint2_obstacle_1, sprint2_obstacle_4, sprint2_obstacle_5,
          sprint2_obstacle_2, sprint2_obstacle_6, sprint2_timed_cluster_1,
          sprint2_smallroom_cluster_1, sprint2_smallroom_final_cluster_1,
          sprint2_transparent_cluster_1, sprint2_second_timed_cluster_1,
          sprint2_sniper_area_1, sprint2_heavy_combat_area_1,
          sprint2_mutation_trap_area_1, sprint2_forest_area_1,
          sprint2_light_combat_area_1, sprint2_behind_water_1,
          sprint2_near_end_vault_1]

Skill      XL: |  1  2  3  4  5  6  7  8  9 10 11 12 13 14 15 |
---------------+----------------------------------------------+-----
Fighting       | 3 4 6 7 8 9 10 11 12 13 15 17 | 17.3
Armour         | 4 5 7 8 10 11 12 13 14 15 16 17 18 | 18.0
Shields        | 4 5 7 8 9 10 11 13 15 17 19 21 | 21.8
Axes           | 3 5 6 9 11 13 16 18 19 20 22 | 22.5
Evocations     | 1 4 6 9 11 13 16 20 23 | 23.4

Action                   |  1- 3 |  4- 6 |  7- 9 | 10-12 | 13-15 || total
-------------------------+-------+-------+-------+-------+-------++-------
Melee: War axe           |     7 |    30 |    41 |    93 |   191 ||   362
Invok: Call Merchant     |       |       |       |       |     7 ||     7
       Potion Petition   |       |       |       |       |     2 ||     2
 Abil: Heal Wounds       |       |     3 |     2 |    14 |    30 ||    49
Evoke: Wand              |       |    11 |     3 |     8 |     1 ||    23
       Condenser vane    |       |       |     2 |    19 |    19 ||    40
       Lightning rod     |       |       |       |    12 |    26 ||    38
       Box of beasts     |       |       |       |       |    29 ||    29
       Phial of floods   |       |       |       |       |     3 ||     3
       Phantom mirror    |       |       |       |       |     3 ||     3
  Use: Potion            |     1 |     2 |     1 |    11 |    15 ||    30
       Scroll            |       |       |     1 |     5 |    18 ||    24
 Stab: Distracted        |       |       |       |       |     6 ||     6
Armor: Scale mail        |     1 |     4 |     5 |    29 |    71 ||   110
Dodge: Dodged            |     1 |     9 |    12 |    30 |    53 ||   105
Block: Kite shield       |     4 |    13 |    17 |    59 |    70 ||   163
       Buckler           |       |       |       |       |    50 ||    50
       Tower shield      |       |       |       |       |    58 ||    58

Table legend: (Time is in decaauts)
 A = Elapsed time spent in this place.
 B = Non-inter-level travel time spent in this place.
 C = Inter-level travel time spent in this place.
 D = Time resting spent in this place.
 E = Time spent auto-exploring this place.
 F = Levels seen in this place.
 G = Mean time per level.
                   A        B        C        D        E       F      G
               +--------+--------+--------+--------+--------+-----+--------+
         Total |   3159 |   2941 |    218 |    536 |      0 |   1 | 3159.0 |
       Dungeon |   3159 |   2941 |    218 |    536 |      0 |   1 | 3159.0 |
               +--------+--------+--------+--------+--------+-----+--------+

Top non-repeatable levels by time:
       D: 3159 daAuts
